 Dungeon Sprint DCSS version 0.31-a0-819-gf6de2f5ab6 (webtiles) character file.

Game seed: 13676354719408601644

4125 sircluck the Grappler (level 10, -4/172 HPs)
             Began as a Troll Berserker on Sept 23, 2023.
             Was a High Priest of Trog.
             Engulfed by a fire crab (shapeshifter)'s flame (13 damage)
             ... in the Dungeon (Sprint VII: "The Pits").
             The game lasted 00:02:40 (592 turns).

sircluck the Grappler (Troll Berserker)              Turns: 592, Time: 00:02:41

Health: -4/172     AC:  9    Str: 31      XL:     10   Next: 6%
Magic:  0/9        EV: 11    Int:  3      God:    Trog [*****.]
Gold:   0          SH:  0    Dex:  8 (9)  Spells: 9/9 levels left

rFire   . .          .
                       - Unarmed
rCold   . . .        (no shield)
rNeg    . . .        j - +0 swamp dragon scales
rPois   +            (helmet restricted)
rElec   .            (no cloak)
rCorr   .            (gloves unavailable)
SInv    .            (boots unavailable)
Will    .....        (no amulet) Stlth
                     (no ring)
HPRegen 1.28/turn    (no ring)
MPRegen 0.11/turn

%: no teleportation
@: berserking, very quick
A: large, unfitting armour, claws 3, regeneration 1, shaggy fur 1, tough skin 1
a: Renounce Religion, Berserk, Trog's Hand, Brothers in Arms


You were in the Dungeon.
You worshipped Trog.
Trog was extremely pleased with you.
You visited 1 branch

Inventory:

Armour
 a - a +0 animal skin
 j - +0 swamp dragon scales (worn)
Jewellery
 k - a +3 ring of intelligence
 l - a +3 ring of dexterity
Scrolls
 g - a scroll of blinking
 i - 2 scrolls of vulnerability
Potions
 b - 4 potions of curing
 c - 12 potions of heal wounds
 d - a potion of haste
 e - 4 potions of magic
 f - 3 potions of berserk rage
 h - 2 potions of invisibility
 m - a potion of might
 n - a potion of resistance


   Skills:
 + Level 12.0 Fighting
 + Level 11.8 Dodging
 + Level 13.9 Unarmed Combat


You had 9 spell levels left.
You didn't know any spells.
Your spell library was empty.

Dungeon Overview and Level Annotations

Branches:
Dungeon (1/1)

Altars:
Ashenzari
Cheibriados
Dithmenos
Elyvilon
Fedhas
Gozag
Hepliaklqana
Kikubaaqudgha
Makhleb
Nemelex Xobeh
Okawaru
Qazlal
Ru
Sif Muna
Trog
Uskayaw
Vehumet
Wu Jian
Xom
Yredelemnul
Zin
The Shining One
Jiyva
Lugonu


Innate Abilities, Weirdness & Mutations

You are too large for most types of armour.
You have claws for hands.
Your natural rate of healing is unusually fast.
You are covered in fur. (AC +1)
You have tough skin. (AC +1)


Message History

You are engulfed in blazing flames.
You feel you are being watched by something.
You feel your power leaking away.
You claw the fire crab!
The fire crab is moderately wounded.
You feel you are being watched by something.
You feel your power leaking away. The fire crab breathes flames at you.
The blast of flame engulfs you.
You completely miss the fire crab.
The fire crab is moderately wounded.
You are engulfed in blazing flames.
You feel you are being watched by something.
You barely miss the fire crab.
The fire crab is moderately wounded.
You are engulfed in blazing flames.
The fire crab breathes flames at you. The blast of flame misses you.
You feel you are being watched by something.
A red film seems to cover your vision as you go berserk!
You feel yourself moving faster!
You feel mighty!
You are engulfed in blazing flames.
* * * LOW HITPOINT WARNING * * *
The fire crab bites you!
* * * LOW HITPOINT WARNING * * *
You are engulfed in flames!
* * * LOW HITPOINT WARNING * * *
The fire crab barely misses you.
You feel you are being watched by something.
Something hits you!
* * * LOW HITPOINT WARNING * * *
Deactivating autopickup; reactivate with Ctrl-A.
Something hits you.
* * * LOW HITPOINT WARNING * * *
You feel clumsy.
Something stings you but does no damage.
You mangle the fire crab!!
The fire crab is severely wounded.
You are engulfed in blazing flames.
You die...

########################
................@t......
........................
############++##########


You could see a fire crab.

Vanquished Creatures
  An anaconda (D)
  2 two-headed ogres (D)
  A death yak (D)
  A swamp dragon (D)
  A merfolk siren (D)
  A large abomination (D)
  A basilisk (D)
  A warg (D)
  A water moccasin (D)
  A swamp drake (D)
  A wolf (D)
  2 scorpions (D)
  An orc priest (D)
  A jelly (D)
  2 orc wizards (D)
  2 gnolls (D)
  2 adders (D)
  An ufetubus (D)
  An adder zombie (D)
  4 orcs (D)
  2 giant cockroaches (D)
  A hobgoblin (D)
  A bat (D)
  A frilled lizard (D)
  A kobold (D)
34 creatures vanquished.

Notes
Turn   | Place    | Note
-------+----------+-------------------------------------------
     0 | D        | sircluck the Troll Berserker began the quest for the Orb.
     0 | D        | Reached XP level 1. HP: 22/22 MP: 0/0
    46 | D        | Found a bloodstained altar of Trog.
    46 | D        | Found a shimmering blue altar of Sif Muna.
    46 | D        | Found a viscous altar of Jiyva.
    46 | D        | Found a hazy altar of Hepliaklqana.
    46 | D        | Found an opulent altar of Gozag.
    47 | D        | Found a glowing golden altar of the Shining One.
    47 | D        | Found a glowing silver altar of Zin.
    47 | D        | Found a basalt altar of Yredelemnul.
    47 | D        | Found a shimmering altar of Xom.
    47 | D        | Found an ornate altar of the Wu Jian Council.
    47 | D        | Found a sacrificial altar of Ru.
    47 | D        | Found a stormy altar of Qazlal.
    47 | D        | Found an iron altar of Okawaru.
    47 | D        | Found a sparkling altar of Nemelex Xobeh.
    47 | D        | Found a burning altar of Makhleb.
    47 | D        | Found a blossoming altar of Fedhas.
    47 | D        | Found a white marble altar of Elyvilon.
    47 | D        | Found a shadowy altar of Dithmenos.
    47 | D        | Found a snail-covered altar of Cheibriados.
    51 | D        | Found a corrupted altar of Lugonu.
    51 | D        | Found a radiant altar of Vehumet.
    52 | D        | Found a broken altar of Ashenzari.
    52 | D        | Found an ancient bone altar of Kikubaaqudgha.
    52 | D        | Found a hide-covered altar of Uskayaw.
    73 | D        | Reached ** piety under Trog
    74 | D        | Reached skill level 4 in Unarmed Combat
    74 | D        | Reached XP level 2. HP: 22/31 MP: 1/1
    86 | D        | Noticed a scorpion
    92 | D        | Killed a scorpion
    93 | D        | Reached skill level 5 in Unarmed Combat
    93 | D        | Reached XP level 3. HP: 33/40 MP: 2/2
    93 | D        | Reached XP level 4. HP: 41/49 MP: 3/3
   104 | D        | Noticed a scorpion
   108 | D        | Killed a scorpion
   109 | D        | Reached skill level 5 in Fighting
   109 | D        | Reached skill level 5 in Dodging
   109 | D        | Reached skill level 6 in Unarmed Combat
   109 | D        | Reached XP level 5. HP: 54/57 MP: 4/4
   109 | D        | Reached *** piety under Trog
   181 | D        | Reached **** piety under Trog
   197 | D        | Reached skill level 7 in Unarmed Combat
   202 | D        | Noticed a warg
   208 | D        | Killed a warg
   208 | D        | Reached ***** piety under Trog
   209 | D        | Reached skill level 8 in Unarmed Combat
   209 | D        | Reached XP level 6. HP: 60/68 MP: 5/5
   222 | D        | Noticed a water moccasin
   224 | D        | Killed a water moccasin
   227 | D        | Noticed a merfolk siren
   231 | D        | Killed a merfolk siren
   231 | D        | Received a gift from Trog
   232 | D        | Reached skill level 10 in Unarmed Combat
   232 | D        | Reached XP level 7. HP: 81/81 MP: 6/6
   257 | D        | Noticed a death yak
   257 | D        | Noticed a swamp dragon
   266 | D        | Killed a swamp dragon
   267 | D        | Reached skill level 11 in Unarmed Combat
   267 | D        | Reached XP level 8. HP: 46/92 MP: 7/7
   297 | D        | Killed a death yak
   298 | D        | Reached skill level 10 in Fighting
   298 | D        | Reached skill level 10 in Dodging
   298 | D        | Reached skill level 12 in Unarmed Combat
   453 | D        | Received a gift from Trog
   454 | D        | Reached XP level 9. HP: 102/102 MP: 8/8
   464 | D        | Noticed a large abomination
   464 | D        | Noticed a two-headed ogre
   471 | D        | Killed a large abomination
   473 | D        | Killed a two-headed ogre
   474 | D        | Reached skill level 13 in Unarmed Combat
   477 | D        | Reached ****** piety under Trog
   523 | D        | Noticed a two-headed ogre
   523 | D        | Noticed an anaconda
   536 | D        | Killed an anaconda
   537 | D        | Killed a two-headed ogre
   538 | D        | Reached XP level 10. HP: 85/115 MP: 9/9
   584 | D        | Noticed a fire crab
   592 | D        | Engulfed by a fire crab (shapeshifter)'s flame

Illustrated notes

Levels and vault maps discovered:
D:        pitsprint [storerooms_1, entrance_room_1, metal_vault_7, armoury_2,
          mini_pit_1, grid_room_1, main_hall_1, silver_pit, the_coven_3,
          the_vestibule_1, steel_vault_2, golden_pit, hallway_of_sentries,
          crystal_vault_2, iron_vault_1, final_vault]

Skill      XL: |  1  2  3  4  5  6  7  8  9 |
---------------+----------------------------+-----
Fighting       | 3 4 5 6 8 9 10 12 | 12.0
Dodging        | 3 4 5 6 8 9 10 11 | 11.8
Unarmed Combat | 4 5 6 8 10 11 12 13 | 13.9

Action                     |  1- 3 |  4- 6 |  7- 9 | 10-12 || total
---------------------------+-------+-------+-------+-------++-------
  Melee: Unarmed           |    14 |    39 |    62 |     4 ||   119
         Punch             |       |       |     3 |       ||     3
 Invoke: Berserk           |       |       |     3 |     1 ||     4
    Use: Potion            |       |       |     4 |       ||     4
         Scroll            |       |       |     1 |       ||     1
   Stab: Sleeping          |     1 |       |       |       ||     1
 Armour: Animal skin       |     7 |    36 |    19 |       ||    62
         Swamp dragon scal |       |       |    23 |    11 ||    34
  Dodge: Dodged            |     6 |    18 |    28 |     2 ||    54

Table legend: (Time is in decaauts)
 A = Elapsed time spent in this place.
 B = Non-inter-level travel time spent in this place.
 C = Inter-level travel time spent in this place.
 D = Time resting spent in this place.
 E = Time spent auto-exploring this place.
 F = Levels seen in this place.
 G = Mean time per level.
                   A        B        C        D        E       F      G
               +--------+--------+--------+--------+--------+-----+--------+
         Total |    595 |    544 |     51 |     88 |     85 |   1 |  595.0 |
       Dungeon |    595 |    544 |     51 |     88 |     85 |   1 |  595.0 |
               +--------+--------+--------+--------+--------+-----+--------+

Top non-repeatable levels by time:
       D: 595 daAuts
